[Event "Titled Tuesday Blitz August 1 Early 2023"]
[White "Spichkin, Alexander"]
[Black "Feliz Dotel, Dewar Bienvenido"]
[WhiteFideId "4144074"]
[BlackFideId "6402801"]
[WhiteElo "2384"]
[BlackElo "2153"]
[Result "1-0"]
[Round "11"]
[TimeControl "180+1"]
[Date "2023.08.01"]
[WhiteClock "0:00:40"]
[BlackClock "0:00:40"]
[Board "133"]

1. f4 d5 2. Nf3 c5 3. e3 Bg4 4. h3 Bxf3 5. Qxf3 e6 6. b3 Be7 7. Bb2 Bf6 8. Nc3 Nc6 9. O-O-O b5 10. Bxb5 Qb6 11. g4 Ne7 12. g5 Bxc3 13. Bxc6+ Nxc6 14. Bxc3 O-O 15. h4 d4 16. Bb2 a5 17. a4 c4 18. exd4 cxb3 19. Qxb3 Qxb3 20. cxb3 Rab8 21. Rh3 Rfc8 22. Kb1 Nb4 23. Bc3 Nd5 24. Bxa5 Ra8 25. Bc3 Nxf4 26. Rf3 Nd5 27. Rdf1 f6 28. gxf6 gxf6 29. Rxf6 Nxf6 30. Rxf6 Re8 31. h5 Rac8 32. h6 Rc7 33. b4 Rf7 34. Rxf7 Kxf7 35. Kb2 Kg6 36. b5 Kxh6 37. a5 Kg5 38. b6 h5 39. a6 Rb8 40. Ba5 h4 41. a7 Ra8 42. b7 Rxa7 43. b8=Q Rxa5 44. Qd8+ Kg4 45. Qxa5 h3 46. Qc7 h2 47. Qxh2 Kf3 48. Qe5 Kf2 49. Qxe6 Kf3 50. d5 Kf4 51. d6 Kf3 52. d7 1-0


[Site "https://www.chess.com"]

[Event "Titled Tuesday Blitz August 1 Early 2023"]
[White "Eggleston, Thomas A"]
[Black "Gyulamiryan-koryun"]
[WhiteFideId "412139"]
[WhiteElo "2379"]
[BlackElo "2100"]
[Result "1-0"]
[Round "11"]
[TimeControl "180+1"]
[Date "2023.08.01"]
[WhiteClock "0:00:23"]
[BlackClock "0:00:00"]
[Board "134"]

1. e4 c5 2. Nf3 d6 3. Bc4 e6 4. O-O Nc6 5. Re1 Nge7 6. c3 g6 7. d4 cxd4 8. cxd4 d5 9. exd5 Nxd5 10. Bg5 Be7 11. Bxd5 Bxg5 12. Bxc6+ bxc6 13. Nxg5 Qxg5 14. Nc3 O-O 15. Ne4 Qe7 16. Rc1 Rb8 17. Rc2 Rd8 18. Rd2 Ba6 19. Nc5 Bc4 20. b3 Bd5 21. Qg4 h5 22. Qf4 Kg7 23. h4 Rb4 24. a3 Rbb8 25. b4 a5 26. bxa5 Ra8 27. a6 Bc4 28. Qe5+ Qf6 29. Qc7 Bxa6 30. Nxe6+ Kg8 31. Nxd8 Rxd8 32. Qe7 Qxe7 33. Rxe7 Bc4 34. a4 Be6 35. Ra7 c5 36. d5 Bxd5 37. Rc7 Kf8 38. Rxc5 1-0


[Site "https://www.chess.com"]

[Event "Titled Tuesday Blitz August 1 Early 2023"]
[White "ilya2700"]
[Black "Pershina, Elena"]
[BlackFideId "24147516"]
[WhiteElo "2086"]
[BlackElo "2379"]
[Result "0-1"]
[Round "11"]
[TimeControl "180+1"]
[Date "2023.08.01"]
[WhiteClock "0:01:52"]
[BlackClock "0:00:28"]
[Board "135"]

1. e4 c5 2. c4 Nc6 3. Ne2 e5 4. d3 g6 5. Nbc3 Bg7 6. g3 Nge7 7. Bg2 O-O 8. O-O d6 9. f4 f5 10. Be3 Rb8 11. a4 Nd4 12. Bxd4 exd4 13. Nd5 fxe4 14. Bxe4 Bh3 15. Bg2 Bxg2 16. Kxg2 Nxd5 17. cxd5 Qf6 18. Qb3 Rbe8 19. Rae1 Re7 20. Ng1 Rfe8 21. Nf3 Re2+ 22. Rxe2 Rxe2+ 23. Rf2 Qe7 24. Ng5 Rxf2+ 25. Kxf2 Qe3+ 26. Kg2 Qe2+ 27. Kg1 b6 28. Qb5 Qe1+ 29. Kg2 Qe2+ 30. Kg1 Qe1+ 31. Kg2 Qe2+ 32. Kh3 Bf6 33. Ne6 Qf1+ 34. Kg4 h5# 0-1


[Site "https://www.chess.com"]

[Event "Titled Tuesday Blitz August 1 Early 2023"]
[White "Ziatdinov, Raset"]
[Black "Lehtosaari, Mauri"]
[WhiteFideId "2015323"]
[BlackFideId "501999"]
[WhiteElo "2294"]
[BlackElo "2460"]
[Result "1-0"]
[Round "11"]
[TimeControl "180+1"]
[Date "2023.08.01"]
[WhiteClock "0:00:09"]
[BlackClock "0:00:02"]
[Board "136"]

1. e4 c5 2. Nf3 e6 3. d4 cxd4 4. Nxd4 Qb6 5. Nc3 Bc5 6. Na4 Qa5+ 7. c3 Bxd4 8. Qxd4 e5 9. Qd1 Nf6 10. Bd3 d6 11. b4 Qc7 12. c4 Be6 13. Qe2 Nc6 14. Bd2 Nd4 15. Qd1 Bxc4 16. Rc1 b5 17. Nb2 O-O 18. Nxc4 bxc4 19. Rxc4 Qb7 20. Qb1 Rac8 21. Rxc8 Rxc8 22. O-O h6 23. f3 Qb6 24. Kh1 Ne6 25. Rc1 Rb8 26. a3 Nh5 27. Bc4 Nhf4 28. Be1 Kh7 29. g3 Ng6 30. Kg2 Qd8 31. Bf2 a5 32. b5 Qg5 33. Kh1 Qd2 34. Rc2 Qg5 35. Qb3 Qf6 36. Bxe6 fxe6 37. a4 Ne7 38. Be1 d5 39. Qd3 d4 40. Bxa5 Ra8 41. Bd2 Rxa4 42. b6 Ra1+ 43. Kg2 Rb1 44. Ba5 Ng6 45. Rc7 Rb2+ 46. Rc2 Rb1 47. Rf2 Qg5 48. Qxb1 Nf4+ 49. Kf1 Nh3 50. Rg2 Qe3 51. Qd1 d3 52. b7 Ng5 53. b8=Q Nxf3 54. Qb2 d2 55. Qbxd2 Nxd2+ 56. Qxd2 Qf3+ 57. Rf2 Qh1+ 58. Ke2 Qxe4+ 59. Qe3 Qc2+ 60. Kf3 Qc6+ 61. Qe4+ 1-0


[Site "https://www.chess.com"]

[Event "Titled Tuesday Blitz August 1 Early 2023"]
[White "Ai, Evan"]
[Black "Stachanczyk, Jacek"]
[WhiteFideId "2094770"]
[BlackFideId "1116657"]
[WhiteElo "2310"]
[BlackElo "2407"]
[Result "1/2-1/2"]
[Round "11"]
[TimeControl "180+1"]
[Date "2023.08.01"]
[WhiteClock "0:00:03"]
[BlackClock "0:00:17"]
[Board "137"]

1. e4 c5 2. Nf3 d6 3. d4 cxd4 4. Nxd4 Nf6 5. Nc3 g6 6. Be2 Bg7 7. Be3 O-O 8. O-O Nc6 9. f4 Qb6 10. Na4 Qb4 11. c3 Qa5 12. b4 Qc7 13. Bf3 a6 14. Nxc6 bxc6 15. Nb6 Rb8 16. Nc4 d5 17. exd5 cxd5 18. Ne5 Qxc3 19. Bd4 Qa3 20. Nc6 Rb7 21. Bc5 Re8 22. Qc1 Qa4 23. Na5 Rxb4 24. Bxb4 Qxb4 25. Nc6 Qb6+ 26. Kh1 Bb7 27. Ne5 Ne4 28. Bxe4 dxe4 29. Rb1 Qa7 30. Qc7 Bxe5 31. Rxb7 Bxc7 32. Rxa7 Bd6 33. Rxa6 Rc8 34. Ra4 e3 35. Re4 Rc3 36. Re1 Bc5 37. a4 Ra3 38. Rc4 Ba7 39. h3 e6 40. Re2 Ra1+ 41. Kh2 h5 42. g4 hxg4 43. hxg4 Kg7 44. Kg2 Kf6 45. Kf3 g5 46. fxg5+ Kxg5 47. Rc7 Rxa4 48. Rxf7 Kg6 49. Rf8 Kg7 50. Rf4 Ra3 51. g5 e5 52. Rf5 Bd4 53. Ke4 Ra1 54. Kd5 Kg6 55. Ke4 Rg1 56. Rf6+ Kxg5 57. Rf8 Rg4+ 58. Kf3 Rf4+ 59. Rxf4 exf4 60. Rg2+ Kf5 61. Rg4 Be5 62. Rg8 Ke6 63. Re8+ Kd5 64. Rd8+ Kc4 65. Re8 Kd4 66. Rd8+ Kc3 67. Ke2 Bd4 68. Rf8 Be5 69. Rc8+ Kd4 70. Rd8+ Ke4 71. Ra8 f3+ 72. Ke1 e2 73. Ra4+ Bd4 74. Ra3 Be3 75. Ra4+ Kf5 76. Ra3 Kf4 77. Rxe3 Kxe3 1/2-1/2


[Site "https://www.chess.com"]

[Event "Titled Tuesday Blitz August 1 Early 2023"]
[White "Schut, Han"]
[Black "Cheer_Down"]
[WhiteFideId "1005561"]
[WhiteElo "2263"]
[BlackElo "2401"]
[Result "1/2-1/2"]
[Round "11"]
[TimeControl "180+1"]
[Date "2023.08.01"]
[WhiteClock "0:00:50"]
[BlackClock "0:00:57"]
[Board "138"]

1. e4 c5 2. Nf3 d6 3. d4 cxd4 4. Nxd4 Nf6 5. f3 e5 6. Bb5+ Nbd7 7. Nf5 a6 8. Bxd7+ Qxd7 9. Bg5 Qc6 10. Ne3 Be6 11. Nc3 Rc8 12. Bxf6 gxf6 13. Ncd5 Bxd5 14. Nxd5 Qxc2 15. Nxf6+ Ke7 16. Nd5+ Ke8 17. O-O Qxd1 18. Raxd1 Be7 19. Rf2 Rc6 20. Rfd2 Kd7 21. Nb4 Rb6 22. Nd5 Rc6 23. Nb4 Rb6 24. Nd5 Rc6 1/2-1/2


[Site "https://www.chess.com"]

[Event "Titled Tuesday Blitz August 1 Early 2023"]
[White "Barwinska, Ewa"]
[Black "Rosenberg, Evan S"]
[WhiteFideId "21833761"]
[BlackFideId "2019299"]
[WhiteElo "2285"]
[BlackElo "2384"]
[Result "0-1"]
[Round "11"]
[TimeControl "180+1"]
[Date "2023.08.01"]
[WhiteClock "0:00:01"]
[BlackClock "0:00:24"]
[Board "139"]

1. e4 c5 2. Nf3 g6 3. c4 Nc6 4. d4 Qa5+ 5. Bd2 Qb6 6. dxc5 Qxc5 7. Bc3 Nf6 8. e5 Ne4 9. Qe2 Nxc3 10. Nxc3 Bg7 11. Nd5 O-O 12. a3 a5 13. Rb1 b5 14. b4 axb4 15. axb4 Qxc4 16. Qxc4 bxc4 17. Bxc4 e6 18. Nf6+ Kh8 19. O-O Nxe5 20. Nxe5 Bxf6 21. f4 d5 22. Bb5 Rb8 23. Be2 Bxe5 24. fxe5 Kg7 25. b5 Bb7 26. Rb4 f6 27. exf6+ Rxf6 28. b6 Rxf1+ 29. Kxf1 Kf6 30. Ke1 Ke5 31. Kd2 Kd6 32. Bg4 e5 33. Kd3 Kc5 34. Rb2 Ba6+ 35. Ke3 Rxb6 36. Rd2 Bc4 37. Bf3 Rb3+ 38. Kf2 e4 39. Bg4 d4 40. Rd1 e3+ 41. Ke1 Rb2 42. Rc1 Kb4 43. Ra1 Rxg2 44. Bf3 Rg1# 0-1


[Site "https://www.chess.com"]

[Event "Titled Tuesday Blitz August 1 Early 2023"]
[White "Amanov, Zhanibek"]
[Black "Mikhaylova, Irina"]
[WhiteFideId "13700189"]
[BlackFideId "4109040"]
[WhiteElo "2360"]
[BlackElo "2247"]
[Result "0-1"]
[Round "11"]
[TimeControl "180+1"]
[Date "2023.08.01"]
[WhiteClock "0:00:00"]
[BlackClock "0:00:26"]
[Board "140"]

1. e4 c5 2. Nf3 Nc6 3. Bb5 e6 4. Bxc6 bxc6 5. c3 Ne7 6. O-O Ng6 7. d4 cxd4 8. cxd4 d5 9. e5 c5 10. Bg5 Be7 11. Bxe7 Qxe7 12. Nc3 O-O 13. Nb5 cxd4 14. Nbxd4 a5 15. Rc1 Ba6 16. Re1 Rfc8 17. Qa4 Qb4 18. Qxb4 axb4 19. Nc6 b3 20. axb3 Kf8 21. b4 Nf4 22. Rc3 Bc4 23. Ncd4 Nd3 24. Rb1 Nxb4 25. b3 Bd3 26. Rxc8+ Rxc8 27. Ra1 Be4 28. Nd2 g5 29. Nxe4 dxe4 30. h3 Kg7 31. Re1 Nc2 32. Rxe4 Nxd4 33. Rxd4 Rc1+ 34. Kh2 Re1 35. b4 Rxe5 36. Rc4 Rb5 37. Rc5 Rxb4 38. Rxg5+ Kf6 39. Rg3 h5 40. Rf3+ Kg6 41. g3 f5 42. h4 e5 43. Rc3 f4 44. Rc6+ Kf5 45. Rh6 fxg3+ 46. fxg3 Kg4 47. Rg6+ Kf3 48. Rg5 Rb2+ 49. Kh3 e4 50. Rf5+ Ke2 51. Rxh5 e3 52. Re5 Kf2 53. h5 e2 54. h6 Rb3 55. Rxe2+ Kxe2 56. Kh4 Kf2 57. g4 Kf3 58. g5 Kf4 59. g6 Rb1 60. Kh3 Rh1+ 61. Kg2 Rxh6 0-1


[Site "https://www.chess.com"]

[Event "Titled Tuesday Blitz August 1 Early 2023"]
[White "Clawitter, Craig"]
[Black "Van den Dikkenberg, Erik"]
[WhiteFideId "2023105"]
[BlackFideId "1005880"]
[WhiteElo "2246"]
[BlackElo "2339"]
[Result "1-0"]
[Round "11"]
[TimeControl "180+1"]
[Date "2023.08.01"]
[WhiteClock "0:00:15"]
[BlackClock "0:00:31"]
[Board "141"]

1. e4 c5 2. Nf3 d6 3. d4 cxd4 4. Nxd4 Nf6 5. Nc3 a6 6. Be3 e5 7. Nb3 Be6 8. f3 Be7 9. Qd2 O-O 10. O-O-O a5 11. a4 Na6 12. g4 Nb4 13. g5 Nh5 14. Kb1 Rc8 15. Rc1 Nf4 16. h4 d5 17. Bxf4 exf4 18. exd5 Nxd5 19. Nxd5 Bxd5 20. Qxf4 Bd6 21. Qf5 Be6 22. Qxa5 b6 23. Qd2 Qc7 24. Rd1 Bf4 25. Qc3 Qa7 26. Qb4 Be3 27. Bd3 g6 28. h5 Bxg5 29. hxg6 hxg6 30. Qd4 Rfd8 31. Rh8# 1-0


[Site "https://www.chess.com"]

[Event "Titled Tuesday Blitz August 1 Early 2023"]
[White "Yonal, Timur"]
[Black "ChesscularGodofchess"]
[WhiteFideId "44115725"]
[WhiteElo "2333"]
[BlackElo "2242"]
[Result "1-0"]
[Round "11"]
[TimeControl "180+1"]
[Date "2023.08.01"]
[WhiteClock "0:00:14"]
[BlackClock "0:00:06"]
[Board "142"]

1. e4 c5 2. Nf3 e6 3. d4 cxd4 4. Nxd4 Nc6 5. Nb5 d6 6. Bf4 e5 7. Bg5 Qxg5 8. Nc7+ Kd8 9. Nxa8 Bg4 10. Qd2 Qg6 11. f3 Be6 12. Nc3 Nf6 13. Nd5 Bxd5 14. exd5 Nd4 15. O-O-O Be7 16. Qc3 Nxd5 17. Qa5+ b6 18. Qa4 Nb4 19. Rxd4 exd4 20. Qxb4 Kd7 21. Qa4+ Kd8 22. Qxa7 Qg5+ 23. Kb1 Qd2 24. Bb5 d5 25. Qd7# 1-0


[Site "https://www.chess.com"]

[Event "Titled Tuesday Blitz August 1 Early 2023"]
[White "Miguelitro69"]
[Black "Putri, Regita Desyari"]
[BlackFideId "7109083"]
[WhiteElo "2314"]
[BlackElo "2242"]
[Result "0-1"]
[Round "11"]
[TimeControl "180+1"]
[Date "2023.08.01"]
[WhiteClock "0:01:14"]
[BlackClock "0:00:53"]
[Board "143"]

1. e4 e5 2. Nf3 Nc6 3. Bb5 a6 4. Ba4 Nf6 5. Qe2 b5 6. Bb3 Be7 7. O-O O-O 8. c3 d6 9. h3 Re8 10. Ng5 Rf8 11. f4 h6 12. fxe5 dxe5 13. Nf3 Bc5+ 14. Kh1 Nh5 15. d4 Ng3+ 16. Kh2 Nxe2 17. dxc5 Nxc1 18. Rxc1 Qe7 19. Na3 Qxc5 20. Nc2 Be6 21. Rf1 Rad8 22. Rae1 Bc4 23. Bxc4 bxc4 24. Ne3 Ne7 25. Ng4 f6 26. Nh4 Rd2 27. Rf3 Rxb2 28. Rg3 Kh7 29. Ne3 Rd8 30. Nef5 Nxf5 31. Nxf5 g6 32. Nh4 g5 33. Nf5 Rdd2 34. Rf1 h5 35. Ne3 h4 36. Rgf3 Qxe3 0-1


[Site "https://www.chess.com"]

[Event "Titled Tuesday Blitz August 1 Early 2023"]
[White "Acikel, Mert"]
[Black "Floresvillar Gonzalez, Luis Migu"]
[WhiteFideId "12956465"]
[BlackFideId "5100542"]
[WhiteElo "2311"]
[BlackElo "2142"]
[Result "1-0"]
[Round "11"]
[TimeControl "180+1"]
[Date "2023.08.01"]
[WhiteClock "0:01:49"]
[BlackClock "0:00:00"]
[Board "144"]

1. e4 c6 2. Nc3 d5 3. Nf3 Nf6 4. e5 Ne4 5. Ne2 Bf5 6. Ng3 Nxg3 7. fxg3 e6 8. d4 h6 9. Bd3 Bxd3 10. Qxd3 c5 11. Be3 cxd4 12. Nxd4 Nc6 13. Nxc6 bxc6 14. O-O Be7 15. b3 O-O 16. Rad1 a5 17. a4 Rb8 18. h3 Rb4 19. Bd4 Qc7 20. Qf3 c5 21. Bc3 Re4 22. Rfe1 Rxe1+ 23. Rxe1 Bg5 24. Kh2 d4 25. Bb2 Rd8 26. Qe4 Rd5 27. h4 Bd2 28. Re2 Be3 29. c3 Rxe5 30. Qf3 f6 31. cxd4 Bxd4 32. Rxe5 Bxe5 33. Bc1 Bd4 34. Qa8+ Kh7 35. Bd2 Be5 36. Qf3 Qd8 37. Qe4+ Kh8 38. Be3 Qb6 39. Qa8+ Kh7 40. Qe4+ Kh8 41. Qc4 Bd4 42. Bd2 e5 43. Qf7 Kh7 44. h5 Kh8 45. Qe8+ Kh7 46. Qb5 Qxb5 47. axb5 1-0


[Site "https://www.chess.com"]

[Event "Titled Tuesday Blitz August 1 Early 2023"]
[White "Schlecht, Daniel, Dr."]
[Black "cycygogne"]
[WhiteFideId "4623959"]
[WhiteElo "2402"]
[BlackElo "2177"]
[Result "1-0"]
[Round "11"]
[TimeControl "180+1"]
[Date "2023.08.01"]
[WhiteClock "0:00:25"]
[BlackClock "0:00:11"]
[Board "145"]

1. d4 Nf6 2. c4 c5 3. d5 e6 4. Nc3 exd5 5. cxd5 d6 6. e4 g6 7. f4 Bg7 8. Bb5+ Nfd7 9. Nf3 a6 10. Bd3 b5 11. O-O O-O 12. f5 Ne5 13. Nxe5 Bxe5 14. Qf3 c4 15. Bc2 f6 16. Ne2 Nd7 17. Nf4 Bxf4 18. Bxf4 Ne5 19. Qg3 g5 20. Be3 Qe7 21. h4 h6 22. Kf2 Nd3+ 23. Bxd3 cxd3 24. Rae1 Qxe4 25. Bxg5 Qxf5+ 26. Bf4+ Qg4 27. Bxd6 Rd8 28. Re7 Qxg3+ 29. Bxg3 Rxd5 30. Rd1 Bg4 31. Rd2 Rc8 32. Bf4 Rc2 33. Bxh6 Re5 34. Rg7+ Kh8 35. Rxc2 dxc2 36. Rxg4 Rc5 37. Bc1 Rd5 38. Re4 Rd1 39. Re1 a5 40. Ke2 b4 41. Rxd1 cxd1=Q+ 42. Kxd1 a4 43. Ke2 Kh7 44. Bd2 Kg6 45. Bxb4 1-0


[Site "https://www.chess.com"]

[Event "Titled Tuesday Blitz August 1 Early 2023"]
[White "KorolDimitriy75"]
[Black "Thiel, Thomas"]
[BlackFideId "4615964"]
[WhiteElo "2377"]
[BlackElo "2255"]
[Result "1/2-1/2"]
[Round "11"]
[TimeControl "180+1"]
[Date "2023.08.01"]
[WhiteClock "0:00:09"]
[BlackClock "0:01:08"]
[Board "146"]

1. d4 d5 2. c4 dxc4 3. Nf3 Nf6 4. Nc3 a6 5. e4 b5 6. e5 Nd5 7. a4 b4 8. Ne4 Bf5 9. Ng3 Bg6 10. Bxc4 e6 11. O-O Nd7 12. Qe2 a5 13. Bg5 Be7 14. Bxe7 Qxe7 15. Rac1 N7b6 16. Bb5+ Kf8 17. Ne4 Bxe4 18. Qxe4 Rd8 19. Rc5 h6 20. Rfc1 g6 21. h4 Kg7 22. Bc6 Rhf8 23. Rxa5 b3 24. Rac5 Nb4 25. a5 N6d5 26. Bxd5 Nxd5 27. Qd3 Rb8 28. a6 Rb6 29. g3 Ra8 30. Ra1 1/2-1/2


[Site "https://www.chess.com"]

[Event "Titled Tuesday Blitz August 1 Early 2023"]
[White "Tuleyeva-Aketayeva, Dana"]
[Black "Krzywda, Andrzej"]
[WhiteFideId "13701932"]
[BlackFideId "1114565"]
[WhiteElo "2232"]
[BlackElo "2366"]
[Result "1-0"]
[Round "11"]
[TimeControl "180+1"]
[Date "2023.08.01"]
[WhiteClock "0:00:07"]
[BlackClock "0:00:00"]
[Board "147"]

1. d4 d5 2. Nf3 Nf6 3. g3 c5 4. Bg2 Nc6 5. O-O e6 6. c4 dxc4 7. dxc5 Qxd1 8. Rxd1 Bxc5 9. Nbd2 c3 10. bxc3 O-O 11. Ne1 Bd7 12. Nd3 Be7 13. Rb1 Rab8 14. Ne4 Nxe4 15. Bxe4 Na5 16. Bf4 Rbc8 17. Bxb7 Rxc3 18. Bd2 Ra3 19. Ne5 Be8 20. Bxa5 Rxa5 21. Nd7 Bxd7 22. Rxd7 Bf6 23. Be4 Rxa2 24. Rbb7 a5 25. f4 Rxe2 26. Bf3 Ra2 27. f5 exf5 28. Bd5 Rb2 29. Rxf7 Rxb7 30. Rxb7+ Kh8 31. Kg2 Bc3 32. Kf3 h6 33. Bb3 Kh7 34. Bc2 Kh8 35. Rc7 Bb4 36. Ba4 Rd8 37. Bc2 Rf8 38. Ba4 g6 39. h3 h5 40. Rc6 Kg7 41. Rc7+ Kf6 42. Bb3 Bd2 43. Rc6+ Kg7 44. Rc7+ Kh6 45. Rd7 Bb4 46. Bd5 a4 47. h4 a3 48. Rb7 Bc3 49. Ra7 Bb2 50. Ra6 Rd8 51. Bf7 Kg7 52. Bxg6 Rd3+ 53. Ke2 Rxg3 54. Bxf5 Rg2+ 55. Kf3 Rg1 56. Ra7+ Kf6 57. Bd3 Rd1 58. Be2 Rd2 59. Ke3 Rd8 60. Ra6+ Ke5 61. Bf3 Re8 62. Kf2 Kf4 63. Ra4+ Kf5 64. Bxh5 Rf8 65. Bf3 Ke6 66. Kg2 Kd6 67. h5 Kc5 68. h6 Kb5 69. Ra7 Bd4 70. Rxa3 Be3 71. Rxe3 Rh8 72. Re5+ Kc4 73. Rh5 Kd4 74. h7 Ke3 75. Bg4 Kf4 76. Kh3 Ke4 77. Bf5+ Kf4 78. Bg6 Ke3 79. Rf5 Kd4 80. Rf7 Ke5 81. Rg7 Ke6 82. Rg8 1-0


[Site "https://www.chess.com"]

[Event "Titled Tuesday Blitz August 1 Early 2023"]
[White "UgarteCesar"]
[Black "Lopez Gracia, Fernando"]
[BlackFideId "2207184"]
[WhiteElo "2214"]
[BlackElo "2334"]
[Result "1-0"]
[Round "11"]
[TimeControl "180+1"]
[Date "2023.08.01"]
[WhiteClock "0:00:20"]
[BlackClock "0:01:44"]
[Board "148"]

1. d4 Nf6 2. c4 e6 3. Nf3 Bb4+ 4. Nbd2 b6 5. a3 Bxd2+ 6. Nxd2 Bb7 7. f3 d5 8. e3 O-O 9. Bd3 c5 10. dxc5 bxc5 11. O-O Nc6 12. b3 e5 13. cxd5 Qxd5 14. Ne4 Nxe4 15. Bxe4 Qxd1 16. Rxd1 Rfd8 17. Bb2 f6 18. Kf2 Na5 19. Bf5 Kf7 20. b4 Nc4 21. Bc3 g6 22. Bc2 Rac8 23. Rxd8 Rxd8 24. bxc5 Ke7 25. Bb4 Bc6 26. Rd1 Rxd1 27. Bxd1 a5 28. Bc3 a4 29. Bb4 f5 30. Be2 Nb2 31. Bc3 Ke6 32. Bxb2 Kd5 33. h4 f4 34. e4+ Kxc5 35. Bxe5 Bd7 36. Bxf4 Kd4 37. Bd6 Kc3 38. Bb4+ Kb3 39. g4 Be6 40. Kg3 Kc2 41. f4 Kb3 42. f5 gxf5 43. exf5 Bf7 44. Kf4 h6 45. g5 hxg5+ 46. hxg5 Bd5 47. Bf3 Bg8 48. Ke5 Kc4 49. g6 Kb5 50. f6 Bb3 51. f7 Bxf7 52. gxf7 Kc4 53. f8=Q Kd3 54. Qd6+ Ke3 55. Qd5 Kf2 56. Bc5+ Kg3 57. Qe4 Kh2 58. Qh4# 1-0


[Site "https://www.chess.com"]

[Event "Titled Tuesday Blitz August 1 Early 2023"]
[White "Akylbek2021"]
[Black "Tagliata"]
[WhiteElo "2315"]
[BlackElo "2206"]
[Result "1/2-1/2"]
[Round "11"]
[TimeControl "180+1"]
[Date "2023.08.01"]
[WhiteClock "0:00:41"]
[BlackClock "0:01:37"]
[Board "149"]

1. d4 d5 2. c4 e6 3. Nf3 Nf6 4. g3 Bb4+ 5. Bd2 Bxd2+ 6. Qxd2 O-O 7. Bg2 b6 8. O-O Bb7 9. cxd5 Bxd5 10. Nc3 Bb7 11. Ne5 Bxg2 12. Kxg2 Nbd7 13. Nxd7 Qxd7 14. e3 c5 15. Rfd1 Rfd8 16. Qe2 Qb7+ 17. Qf3 Qxf3+ 18. Kxf3 cxd4 19. Rxd4 Rxd4 20. exd4 Rd8 21. Ne2 g6 22. Rc1 Nd5 23. a3 Kg7 24. Ke4 Kf6 25. Nc3 Ne7 26. g4 Nd5 27. Nxd5+ exd5+ 28. Kd3 Rd7 29. h4 Ke7 30. Rc6 Rd6 31. Rc7+ Rd7 32. Rc8 Kd6 33. g5 f6 34. gxf6 Ke6 35. Rc6+ Rd6 36. Rc7 Rd7 37. Rc6+ Rd6 38. Rc7 1/2-1/2


[Site "https://www.chess.com"]

[Event "Titled Tuesday Blitz August 1 Early 2023"]
[White "Goswami, Vedant"]
[Black "Hrescak, Ivana"]
[WhiteFideId "5003725"]
[BlackFideId "14613441"]
[WhiteElo "2310"]
[BlackElo "2206"]
[Result "1-0"]
[Round "11"]
[TimeControl "180+1"]
[Date "2023.08.01"]
[WhiteClock "0:00:53"]
[BlackClock "0:00:00"]
[Board "150"]

1. e4 e5 2. Nf3 Nc6 3. Bc4 Nf6 4. d4 exd4 5. O-O Nxe4 6. Re1 d5 7. Bxd5 Qxd5 8. Nc3 Qh5 9. Nxe4 Be6 10. Neg5 O-O-O 11. Nxe6 fxe6 12. Bf4 Bd6 13. Bxd6 Rxd6 14. Re4 e5 15. Qe2 Rd5 16. a3 Re8 17. Re1 g5 18. Nxd4 Qxe2 19. Nxe2 Rd2 20. Rc4 Red8 21. Kf1 Nd4 22. Nxd4 R8xd4 23. Rc3 Rf4 24. f3 g4 25. Rxe5 gxf3 26. gxf3 Rxh2 27. Re2 Rh1+ 28. Kg2 Rfh4 29. Re7 R1h2+ 30. Kg3 R2h3+ 31. Kf2 c6 32. Rd3 Rh2+ 33. Ke3 Rxc2 34. Rdd7 Rhh2 35. Rg7 Rxb2 36. Rdf7 Rhe2+ 37. Kf4 Re8 38. Rxh7 Rb3 39. a4 Rb4+ 40. Kg3 a5 41. f4 Ree4 42. f5 Kb8 43. f6 Rg4+ 44. Kh3 Rgc4 45. Rfg7 1-0


[Site "https://www.chess.com"]

[Event "Titled Tuesday Blitz August 1 Early 2023"]
[White "le-castor-faineant"]
[Black "Fajdetic, Hrvoje"]
[BlackFideId "14501945"]
[WhiteElo "2188"]
[BlackElo "2298"]
[Result "0-1"]
[Round "11"]
[TimeControl "180+1"]
[Date "2023.08.01"]
[WhiteClock "0:00:00"]
[BlackClock "0:00:20"]
[Board "151"]

1. e4 c5 2. Nf3 a6 3. c4 Nc6 4. Nc3 g6 5. d4 cxd4 6. Nxd4 Bg7 7. Be3 d6 8. Be2 Nf6 9. O-O O-O 10. Rc1 Nxd4 11. Bxd4 Be6 12. b3 Rc8 13. Bf3 Nd7 14. Bxg7 Kxg7 15. Nd5 Bxd5 16. exd5 f5 17. Re1 Ne5 18. Qd4 f4 19. c5 Rf6 20. Be4 Qa5 21. c6 bxc6 22. dxc6 Nxc6 23. Rxc6 Rxc6 24. b4 Qe5 25. Qxe5 dxe5 26. Bxc6 Rxc6 27. f3 Kf6 28. a4 Rc4 29. Rb1 Ke6 30. b5 axb5 31. axb5 Rc7 32. b6 Rb7 33. Rb5 Kd6 34. Kf2 Kc6 35. Rxe5 Kxb6 36. Re6+ Kc5 37. Re4 Rb2+ 38. Kg1 Kd6 0-1


[Site "https://www.chess.com"]

[Event "Titled Tuesday Blitz August 1 Early 2023"]
[White "Georg, Heinz"]
[Black "Mirzanurov, Bulat"]
[WhiteFideId "4607295"]
[BlackFideId "4184521"]
[WhiteElo "2288"]
[BlackElo "2176"]
[Result "1-0"]
[Round "11"]
[TimeControl "180+1"]
[Date "2023.08.01"]
[WhiteClock "0:00:07"]
[BlackClock "0:00:03"]
[Board "152"]

1. e4 c5 2. Nf3 d6 3. Bb5+ Bd7 4. Bxd7+ Qxd7 5. O-O Nf6 6. Re1 Nc6 7. c3 e6 8. d4 cxd4 9. cxd4 d5 10. e5 Ne4 11. Nbd2 Nxd2 12. Bxd2 Be7 13. h4 O-O 14. Bc3 Rac8 15. Qd3 h6 16. h5 a6 17. a3 b5 18. Bd2 Qb7 19. b4 Nb8 20. g4 Rc4 21. g5 hxg5 22. Bxg5 Nc6 23. Be3 Qd7 24. Nd2 f6 25. Nxc4 bxc4 26. Qg6 fxe5 27. h6 Bf6 28. dxe5 Nxe5 29. Qg3 Qf7 30. Bc5 Re8 31. Rxe5 Bxe5 32. Qxe5 Qg6+ 33. Qg3 Qxh6 34. Re1 Qf6 35. Bd6 Qf7 36. Be5 Rc8 37. Re3 Rd8 38. Rf3 Qb7 39. Bd4 Qd7 40. Qg5 Rf8 41. Rg3 Rf7 42. Rh3 Rf5 43. Qh4 e5 44. Qh8+ Kf7 45. Rg3 Ke6 46. Rxg7 Qe8 1-0


[Site "https://www.chess.com"]

[Event "Titled Tuesday Blitz August 1 Early 2023"]
[White "Levitan, Caleb Levi"]
[Black "LionKing2367890"]
[WhiteFideId "14332620"]
[WhiteElo "2288"]
[BlackElo "2174"]
[Result "1-0"]
[Round "11"]
[TimeControl "180+1"]
[Date "2023.08.01"]
[WhiteClock "0:02:00"]
[BlackClock "0:02:46"]
[Board "153"]

1. e4 e5 2. Nf3 Nc6 3. Bb5 a6 4. Ba4 Nf6 5. Qe2 b5 6. Bb3 Be7 7. c3 d6 8. O-O O-O 9. Rd1 Na5 10. Bc2 c5 11. d4 Qc7 12. d5 Nd7 13. b3 Nb6 14. Bd2 f5 15. c4 fxe4 16. Bxe4 bxc4 17. Bxa5 1-0


[Site "https://www.chess.com"]

[Event "Titled Tuesday Blitz August 1 Early 2023"]
[White "Fernandez Siles, Luis"]
[Black "Vila Dupla, Aurelio"]
[WhiteFideId "2209420"]
[BlackFideId "2203383"]
[WhiteElo "2286"]
[BlackElo "2148"]
[Result "1-0"]
[Round "11"]
[TimeControl "180+1"]
[Date "2023.08.01"]
[WhiteClock "0:00:49"]
[BlackClock "0:00:01"]
[Board "154"]

1. e4 c5 2. Nf3 d6 3. Bb5+ Nd7 4. O-O a6 5. Bd3 Ngf6 6. Re1 e6 7. c3 Be7 8. Bc2 b5 9. d4 cxd4 10. cxd4 Bb7 11. Nbd2 h6 12. Nf1 O-O 13. Ng3 Rc8 14. Bf4 Qc7 15. Rc1 Qb6 16. Qd2 Ng4 17. h3 e5 18. Nf5 Bf6 19. Bg3 g6 20. hxg4 gxf5 21. gxf5 Bg7 22. d5 Nf6 23. Bd3 a5 24. Bh4 Kh7 25. Nh2 Ng8 26. g4 b4 27. g5 Ba6 28. Bxa6 Qxa6 29. Ng4 h5 30. Nf6+ Nxf6 31. Rxc8 Rxc8 32. gxf6 Bh6 33. Qd1 Qd3 34. Qxh5 Qd2 35. Qxf7+ Kh8 36. Rf1 Rc1 37. Qe8+ Kh7 38. Qg6+ Kh8 39. Qxh6+ 1-0


[Site "https://www.chess.com"]

[Event "Titled Tuesday Blitz August 1 Early 2023"]
[White "Gopal, K.N."]
[Black "Joshi, Pankaj"]
[WhiteFideId "5001447"]
[BlackFideId "5006210"]
[WhiteElo "2091"]
[BlackElo "2260"]
[Result "1-0"]
[Round "11"]
[TimeControl "180+1"]
[Date "2023.08.01"]
[WhiteClock "0:01:18"]
[BlackClock "0:01:09"]
[Board "155"]

1. c4 Nf6 2. g3 g6 3. Bg2 Bg7 4. Nc3 O-O 5. d3 d6 6. e3 c5 7. Nge2 Nc6 8. O-O a6 9. Rb1 Rb8 10. a3 Bd7 11. b4 cxb4 12. axb4 b5 13. cxb5 axb5 14. d4 Qc8 15. Bd2 Bh3 16. Nf4 Bxg2 17. Kxg2 e5 18. Nfd5 exd4 19. exd4 Qf5 20. Nxf6+ Bxf6 21. Be3 Rfc8 22. g4 Qd7 23. Nd5 Bg7 24. Bh6 Ne7 25. Nxe7+ Qxe7 26. Bxg7 Kxg7 27. Re1 Qg5 28. d5 Rc4 29. h3 h5 30. f3 hxg4 31. hxg4 Rbc8 32. Rb2 f5 33. Rbe2 fxg4 34. Re7+ Kh6 35. Rh1+ Qh5 36. Qd2+ g5 37. Re6+ 1-0


[Site "https://www.chess.com"]